AoeStats
← Atlans

Hideout

510066348Analyzed
1v1 RM · 2d ago on Sep 29, 2026· 42m 45s· 2 players
Game mode
Random Map
Map size
Tiny (2 player)
Population
200
Speed
Normal
Resources
Standard
Victory
Conquest
Starting age
Dark Age
Ending age
Imperial Age
RankedLock teamsTeams togetherTeam positionsShared explorationLock speedFull tech treeHidden civsTurbo modeCheats
Victory
Defeat
🇦🇺 Armenians · Australia
650
+15
🇫🇷 Franks · France
619
-15
Atlans
4:57 Loom
14:00 Feudal Age
15:34 Wheelbarrow
18:49 Castle Age
17:12 Double-Bit Axe
19:30 Town Watch
20:09 Forging
20:07 Scale Barding Armor
20:44 Bow Saw
21:58 Gold Mining
24:00 Hand Cart
25:59 Elite Skirmisher
26:33 Fletching
33:30 Bodkin Arrow
33:36 Padded Archer Armor
40:02 Chain Barding Armor
40:18 Iron Casting
eatherrr
10:50 Feudal Age
15:27 Castle Age
13:41 Double-Bit Axe
13:58 Horse Collar
14:28 Gold Mining
15:40 Loom
16:30 Wheelbarrow
17:25 Fervor
18:15 Scale Mail Armor
18:25 Forging
19:55 Town Watch
24:45 Chain Mail Armor
25:05 Iron Casting
24:42 Gambesons
24:17 Man-at-Arms
25:52 Arson
26:32 Long Swordsman
29:04 Fletching
32:02 Bodkin Arrow
32:08 Padded Archer Armor
35:11 Padded Archer Armor
34:57 Two-Handed Swordsman
42:08 Champion
Connection lost

Rejoining the realm…

Still unreachable

The connection could not be restored.

Session expired

The server has moved on; the page needs a fresh start.